 Dungeon Crawl Stone Soup version 0.27-a0-291-gd9602db6ee (webtiles) character file.

Game seed: 14757013896218114812

162970 tsouns the Unseen (level 17, 0/90 HPs)
             Began as a Spriggan Brigand on Feb 9, 2021.
             Was the Champion of Dithmenos.
             Slain by a bunyip (7 damage)
             ... on level 3 of the Swamp on Feb 10, 2021.
             The game lasted 01:48:57 (40310 turns).

tsouns the Unseen (Spriggan Brigand)               Turns: 40310, Time: 01:48:58

Health: 0/90       AC:  4    Str:  9    XL:     17   Next: 23%
Magic:  27/27      EV: 40    Int: 20    God:    Dithmenos [******]
Gold:   2083       SH: 16    Dex: 23    Spells: 3/25 levels left

rFire    . . .     SeeInvis +   R - +3 rapier (elec)
rCold    . . .     Faith    .   C - +2 buckler
rNeg     . . .     Spirit   .   P - +1 robe of Sugaz {rElec Will+ Str+2}
rPois    +         Reflect  +   (helmet restricted)
rElec    +         Harm     .   B - +0 cloak of Miruf {rPois rCorr Int+7}
rCorr    +         Rampage  .   (gloves unavailable)
Will     ++++.                  (boots unavailable)
Stlth    ++++++++..             w - amulet of reflection
HPRegen  0.25/turn              y - ring of willpower
MPRegen  0.20/turn              K - +4 ring of slaying

@: wreathed by umbra, studying Conjurations, slow
A: very small, unfitting armour, see invisible, speed 3
a: Renounce Religion, Shadow Step, Shadow Form


You were on level 3 of the Swamp.
You worshipped Dithmenos.
Dithmenos was exalted by your worship.
You visited 5 branches of the dungeon, and saw 30 of its levels.
You also visited: Gauntlet.

You collected 3935 gold pieces.
You spent 1852 gold pieces at shops.

Inventory:

Hand Weapons
 k - a +2 short sword of flaming
 r - a +0 rapier of venom
 u - a +4 quick blade of venom
 R - a +3 rapier of electrocution (weapon)
Missiles
 d - 85 poisoned darts (quivered)
 e - 17 curare-tipped darts
 U - a throwing net
 Z - 2 atropa-tipped darts
Armour
 B - the +0 cloak of Miruf (worn) {rPois rCorr Int+7}
   (You found it on level 1 of the Swamp)

   It affects your intelligence (+7).
   It protects you from poison.
   It provides partial protection from all sources of acid and corrosion.
 C - a +2 buckler (worn)
 M - a +4 troll leather armour
 O - a +2 cloak
 P - the +1 robe of Sugaz (worn) {rElec Will+ Str+2}
   (You bought it in a shop on level 1 of the Snake Pit)

   It affects your strength (+2).
   It insulates you from electricity.
   It affects your willpower, your defense against some magical effects.
Jewellery
 w - an amulet of reflection (around neck)
 y - a ring of willpower (left hand)
 K - a +4 ring of slaying (right hand)
Wands
 a - a wand of flame (54)
 p - a wand of acid (8)
 t - a wand of digging (3)
 F - a wand of mindburst (6)
 Q - a wand of polymorph (12)
 V - a wand of charming (14)
Scrolls
 b - 10 scrolls of identify
 c - a scroll of summoning
 f - a scroll of blinking
 i - 19 scrolls of remove curse
 j - 7 scrolls of teleportation
 l - 5 scrolls of fog
 s - 6 scrolls of magic mapping
 D - a scroll of silence
 E - a scroll of immolation
 G - 5 scrolls of amnesia
 T - a scroll of enchant armour
 X - 2 scrolls of brand weapon
 Y - a scroll of holy word
Potions
 g - 5 potions of cancellation
 h - 4 potions of flight
 m - 11 potions of haste
 n - 2 potions of invisibility
 o - 13 potions of curing
 q - 3 potions of ambrosia
 v - 5 potions of lignification
 x - 3 potions of resistance
 H - a potion of magic
 I - 4 potions of mutation
 J - a potion of might
 N - 9 potions of brilliance
Miscellaneous
 z - a box of beasts (inert)
 L - a lightning rod (1/4)
 S - a condenser vane
 W - a phial of floods


   Skills:
 + Level 10.5 Fighting
 - Level 10.2 Short Blades
 - Level 10.9 Throwing
 + Level 17.7 Dodging
 - Level 19.2 Stealth
 - Level 7.2 Shields
 + Level 4.7 Spellcasting
 + Level 4.2 Conjurations
 + Level 3.5 Earth Magic
 - Level 12.2 Invocations
 - Level 7.5 Evocations


You had 3 spell levels left.
You knew the following spells:

 Your Spells              Type           Power        Failure   Level
a - Blink                 Tloc           N/A          19%         2
b - Call Imp              Summ           4%           19%         2
c - Magic Dart            Conj           84%          1%          1
d - Apportation           Tloc           8%           12%         1
e - Iron Shot             Conj/Erth      10%          98%         6
f - Bolt of Magma         Conj/Fire/Erth 7%           75%         5
g - Lee's Rapid Deconstr  Erth           9%           61%         5

Your spell library contained the following spells:

 Spells                   Type           Power        Failure   Level
 Sandblast                Erth           36%          2%          1
 Stone Arrow              Conj/Erth      40%          8%          3
 Animate Skeleton         Necr           8%           12%         1
 Corona                   Hex            4%           12%         1
 Summon Small Mammal      Summ           16%          12%         1
 Conjure Flame            Conj/Fire      13%          16%         3
 Dazzling Flash           Conj/Hex       26%          16%         3
 Ensorcelled Hibernation  Hex/Ice        8%           19%         2
 Poisonous Vapours        Pois/Air       8%           19%         2
 Slow                     Hex            4%           19%         2
 Mephitic Cloud           Conj/Pois/Air  10%          21%         3
 Confusing Touch          Hex            4%           34%         3
 Gell's Gravitas          Tloc           2%           34%         3
 Tukima's Dance           Hex            4%           34%         3
 Animate Armour           Summ/Erth      22%          50%         4
 Leda's Liquefaction      Hex/Erth       5%           50%         4
 Petrify                  Tmut/Erth      11%          50%         4
 Irradiate                Conj/Tmut      6%           80%         5
 Metabolic Englaciation   Hex/Ice        2%           97%         5
 Yara's Violent Unravell  Hex/Tmut       2%           97%         5
 Freezing Cloud           Conj/Ice/Air   5%           100%        6
 Hydra Form               Tmut           2%           100%        6
 Statue Form              Tmut/Erth      7%           100%        6
 Dragon Form              Tmut           2%           100%        7
 Shatter                  Erth           9%           100%        9


Dungeon Overview and Level Annotations

Branches:
Dungeon (15/15)            Temple (0/1) D:5            Lair (6/6) D:11
  Swamp (3/4) Lair:4        Snake (4/4) Lair:4        Slime (0/5) Lair:6
    Orc (2/2) D:9             Elf (0/3) Orc:2        Vaults (0/5) D:14
 Depths (0/5) D:15        Gauntlet (visited)

Altars:
Cheibriados
Dithmenos
Gozag
Qazlal
Ru
Sif Muna
Trog
Uskayaw
Xom
Beogh

Shops:
D:4 *   D:11 :[!(   D:15 *   Orc:2 [*:(   Snake:1 *

Portals:
Trove: D:10 (give +4 fire dragon scales)

Annotations:
D:6 1 runed translucent door, wineyard's ghost, amateur DECj
Lair:4 2 transporters


Innate Abilities, Weirdness & Mutations

You are very small and have problems with some larger weapons.
You are too small for most types of armour.
You have supernaturally acute eyesight. (SInv)
You cover ground extremely quickly.


Message History

The tyrant leech is almost dead.
You block the alligator's attack. The alligator closely misses you.
The tyrant leech bites you!
The tyrant leech draws strength from your injuries!
You closely miss the tyrant leech.
The tyrant leech is severely wounded.
The alligator completely misses you. You block the alligator's attack.
The bunyip howls a warning cry!
You hear a shout!
You hear a hideous shriek!
You hear a shout!
The alligator puts on a burst of speed!
You enter the shallow water.
Moving in this stuff is going to be slow.
You enter the shallow water.
Moving in this stuff is going to be slow.
The alligator barely misses you. You block the alligator's attack.
The alligator misses you. The alligator tail-slaps you!
The bunyip completely misses you. The bunyip claws you!!!
* * * LOW HITPOINT WARNING * * *
You emit a cloud of dark smoke.
The bunyip claws you!
You die...

♣..≈≈.§≈≈≈≈♣♣.≈≈..x.....♣.
≈≈≈..t≈§§≈≈..≈≈..♣♣♣≈..≈♣
.≈≈≈≈≈§§§!...≈≈♣♣♣♣..≈≈.♣
..≈≈≈≈.§§....≈.≈.≈..≈≈≈≈♣
≈.≈≈≈.§♣♣.......≈≈≈.≈≈≈.♣
♣>≈≈≈.♣♣≈≈≈≈≈..≈≈≈≈.≈♣♣♣♣
♣♣♣...♣≈≈≈≈≈§≈≈≈≈≈≈..≈.♣♣♣
.......§≈≈.≈§≈§xt≈..≈≈..♣♣♣♣
≈≈≈.>.≈.≈≈≈..≈.§@..≈...≈≈.≈≈♣
≈≈≈≈.≈≈≈≈≈.♣♣..§♣♣♣♣♣.≈≈..≈♣≈
≈≈≈≈≈≈≈≈.≈.♣..≈.. ♣≈≈≈..♣♣..
≈≈≈≈≈≈≈≈.♣ ♣♣..≈♣♣♣♣♣♣....≈..≈
≈≈≈≈≈≈≈≈.♣ ♣♣§♣♣≈♣≈.....≈≈≈≈≈.
.≈≈≈≈≈≈≈.♣♣♣≈.≈≈≈≈♣♣≈≈..≈≈≈.≈♣
...≈≈≈≈...♣♣≈.≈≈≈♣♣♣.≈≈≈≈≈≈.♣♣
§......≈..≈......♣ ♣♣≈.≈≈≈≈§♣
....≈.≈≈≈.≈≈.♣≈♣♣♣ ....≈≈.♣♣


You could see a bunyip and an alligator (swift).

Vanquished Creatures
  Nikola (Swamp:2)
  Rupert (D:14)
  Frances (Swamp:1)
  Roxanne (D:14)
  2 thorn hunters (Swamp:2)
  A fire giant (D:15)
  2 orc warlords (Orc:1)
  Louise (Swamp:2)
  A ghost moth (shapeshifter) (D:14)
  A dire elephant (Lair:6)
  A minotaur (Gauntlet)
  2 bunyips (Swamp:2)
  Snorg (Lair:5)
  Josephine (D:14)
  A fire dragon (D:15)
  3 shambling mangroves (Swamp:2)
  A boulder beetle (Lair:6)
  8 vault guards (D:13)
  A catoblepas (Lair:6)
  20 hydras
  Erolcha (Orc:1)
  A naga warrior (Snake:1)
  4 anacondas
  6 alligators
  A ghost crab (Swamp:2)
  Erica (Lair:1)
  3 centaur warriors
  A deep troll shaman (Lair:6)
  3 two-headed ogres
  7 death yaks
  2 orc high priests (Orc:2)
  3 naga sharpshooters
  Urug (Lair:6)
  A wretched star (Gauntlet)
  4 shock serpents
  3 skeletal warriors (D:15)
  A fire crab (shapeshifter) (D:14)
  2 goliath frogs
  2 salamander mystics
  An unseen horror (D:14)
  A naga ritualist (Snake:3)
  2 sea snakes (Snake:1)
  3 wizards
  4 bog bodies
  4 orc knights
  2 manticores
  A wolf spider zombie (D:15)
  5 oklob plants
  A wolf spider (D:15)
  3 cyclopes
  12 ugly things
  6 orc sorcerers
  4 mana vipers
  11 salamanders
  9 elephants
  2 naga magi
  A centaur zombie (D:15)
  32 black mambas
  10 cane toads
  5 centaur skeletons
  4 torpor snails (Lair:2)
  7 rime drakes
  A kobold demonologist (D:13)
  8 komodo dragons
  7 hornets
  10 trolls
  7 tyrant leeches
  3 polar bears
  3 meliai (D:14)
  A bloated husk (Swamp:3)
  A wind drake (shapeshifter) (D:15)
  8 slime creatures
  20 blink frogs
  A centaur simulacrum (D:15)
  4 spriggans
  7 wraiths
  10 wyverns
  8 basilisks
  38 yaks
  A neqoxec (Gauntlet)
  Grum (D:10)
  4 vampire mosquitoes
  15 nagas
  6 wargs
  Edmund (D:4)
  11 swamp worms
  Duvessa (D:4)
  12 water moccasins
  36 orc warriors
  5 sky beasts
  4 black bears
  A hornet zombie (D:12)
  5 ice beasts
  9 ogres
  41 wolves
  17 centaurs
  3 phantoms
  3 kobold brigands
  A gnoll sergeant (D:11)
  28 bullfrogs
  A wyvern skeleton (D:10)
  Dowan (D:4)
  3 scorpions
  9 wights
  6 electric eels
  7 howler monkeys
  2 bullfrog zombies
  28 orc priests
  Crazy Yiuf (D:2)
  7 hounds
  3 jellies
  A bullfrog skeleton (D:5)
  Jessica (D:2)
  Natasha (thrice) (D:3)
  4 iguanas
  34 orc wizards
  Ijyb (D:4)
  13 worker ants
  A killer bee zombie (D:7)
  A hound zombie (D:7)
  A hound skeleton (D:5)
  Robin (D:3)
  7 gnolls
  19 adders
  4 shadow imps
  10 white imps
  2 ufetubi
  An adder zombie (D:5)
  3 worms
  3 dart slugs
  7 leopard geckos
  120 orcs
  11 bats
  4 giant cockroaches
  16 goblins
  14 hobgoblins
  5 jackals
  19 kobolds
  4 quokkas
  3 ball pythons
  4 frilled lizards
  A jackal skeleton (D:4)
  A leopard gecko zombie (D:6)
  2 quokka skeletons
  2 quokka zombies
  9 rats
970 creatures vanquished.

Vanquished Creatures (others)
  An orc priest (Orc:2)
  An orc (D:13)
  23 fungi
  39 plants
  14 withered plants (Gauntlet)
78 creatures vanquished.

Grand Total: 1048 creatures vanquished

Notes
Turn   | Place    | Note
-------+----------+-------------------------------------------
     0 | D:1      | tsouns the Spriggan Brigand began the quest for the Orb.
     0 | D:1      | Reached XP level 1. HP: 10/10 MP: 2/2
    64 | D:1      | Reached skill level 6 in Stealth
   173 | D:1      | Reached XP level 2. HP: 14/14 MP: 3/3
  1230 | D:2      | Reached XP level 3. HP: 14/18 MP: 4/4
  1316 | D:2      | Found a shadowy altar of Dithmenos.
  1346 | D:2      | Became a worshipper of Dithmenos the Shadowed
  1897 | D:2      | Reached XP level 4. HP: 16/22 MP: 5/5
  2054 | D:2      | Noticed Jessica
  2060 | D:2      | Killed Jessica
  2260 | D:2      | Found a runed translucent door.
  2261 | D:2      | Noticed Crazy Yiuf
  2268 | D:2      | Killed Crazy Yiuf
  2269 | D:2      | Reached skill level 7 in Stealth
  2269 | D:2      | Reached XP level 5. HP: 25/25 MP: 6/6
  2446 | D:3      | Found a hide-covered altar of Uskayaw.
  2498 | D:3      | Noticed Natasha
  2683 | D:3      | Killed Natasha
  2727 | D:3      | Found a bloodstained altar of Trog.
  2919 | D:3      | Reached * piety under Dithmenos
  2929 | D:3      | Noticed Robin
  3232 | D:3      | Noticed Natasha
  3266 | D:3      | Killed Natasha
  3267 | D:3      | Reached XP level 6. HP: 28/30 MP: 7/7
  3306 | D:3      | Noticed Natasha
  3328 | D:3      | Killed Natasha
  3692 | D:4      | Noticed Edmund
  3767 | D:4      | Noticed Dowan
  3769 | D:4      | Noticed Duvessa
  3774 | D:4      | Killed Dowan
  3994 | D:3      | Killed Robin
  4121 | D:4      | Killed Duvessa
  4122 | D:4      | Reached skill level 8 in Stealth
  4444 | D:4      | Reached XP level 7. HP: 33/33 MP: 8/8
  4502 | D:4      | Found Koomileo's Lightly-Used Armoury.
  4624 | D:4      | Killed Edmund
  4625 | D:4      | Reached skill level 5 in Dodging
  4727 | D:4      | Noticed Ijyb
  4742 | D:4      | Paralysed by Ijyb for 5 turns
  4746 | D:4      | Killed Ijyb
  4828 | D:4      | Reached ** piety under Dithmenos
  4829 | D:4      | Reached skill level 5 in Short Blades
  4837 | D:4      | Found a shimmering blue altar of Sif Muna.
  4922 | D:4      | Found a bloodstained altar of Trog.
  5270 | D:4      | Found a stormy altar of Qazlal.
  5270 | D:4      | Found a shadowy altar of Dithmenos.
  5400 | D:4      | Reached skill level 9 in Stealth
  5747 | D:5      | Entered Level 5 of the Dungeon
  5761 | D:5      | Reached skill level 1 in Invocations
  6193 | D:5      | Reached XP level 8. HP: 37/37 MP: 8/10
  6225 | D:5      | Found a staircase to the Ecumenical Temple.
  6456 | D:5      | Reached skill level 5 in Throwing
  6984 | D:6      | Reached *** piety under Dithmenos
  7343 | D:6      | Learned a level 2 spell: Blink
  7346 | D:6      | Learned a level 2 spell: Call Imp
  7348 | D:6      | Learned a level 1 spell: Magic Dart
  7362 | D:6      | Reached skill level 10 in Stealth
  7801 | D:6      | Found a runed translucent door.
  7801 | D:6      | Noticed wineyard's ghost (amateur DECj)
  7905 | D:6      | Reached XP level 9. HP: 39/41 MP: 12/12
  8470 | D:7      | Reached skill level 11 in Stealth
  8548 | D:7      | Reached **** piety under Dithmenos
  9284 | D:7      | Found a shimmering altar of Xom.
  9284 | D:7      | Found a sacrificial altar of Ru.
  9583 | D:7      | Noticed a troll
  9589 | D:7      | Killed a troll
  9767 | D:8      | Reached skill level 5 in Invocations
  9767 | D:8      | Reached XP level 10. HP: 21/46 MP: 14/14
 10311 | D:8      | Reached skill level 12 in Stealth
 10891 | D:8      | Found an opulent altar of Gozag.
 11263 | D:9      | Reached ***** piety under Dithmenos
 12107 | D:9      | Found a staircase to the Orcish Mines.
 12410 | D:10     | Entered Level 10 of the Dungeon
 12415 | D:10     | Found a portal to a secret trove of treasure.
 12555 | D:10     | Noticed Grum
 12565 | D:10     | Killed Grum
 13480 | D:11     | Reached XP level 11. HP: 45/52 MP: 16/16
 13503 | D:11     | Noticed a death knight
 13503 | D:11     | Noticed a skeletal warrior
 13706 | D:11     | Reached skill level 10 in Dodging
 13755 | D:11     | Found a staircase to the Lair.
 13761 | D:11     | Found Lyff's Distillery.
 13761 | D:11     | Noticed a two-headed ogre
 13800 | D:11     | Killed a two-headed ogre
 13801 | D:11     | Reached skill level 13 in Stealth
 13846 | D:11     | Found Buyntit's Weapon Shop.
 13852 | D:11     | Bought a potion of heal wounds for 55 gold pieces
 13852 | D:11     | Bought a potion of curing for 33 gold pieces
 13855 | D:11     | Bought 4 curare-tipped darts for 33 gold pieces
 13894 | D:11     | Noticed a purple ugly thing
 13917 | D:11     | Killed a purple ugly thing
 13940 | D:11     | Found Senkamat's Antique Armour Emporium.
 13945 | D:11     | Found Ubbeipta's Book Emporium.
 13992 | D:11     | Bought an embroidered cloak for 262 gold pieces
 14010 | D:11     | Found a frozen archway.
 14011 | D:11     | Noticed an ice dragon
 14233 | Lair:1   | Entered Level 1 of the Lair of Beasts
 14348 | Lair:1   | Noticed Erica
 14355 | Lair:1   | Killed Erica
 15180 | Lair:2   | Reached skill level 5 in Fighting
 15199 | Lair:2   | Noticed a five-headed hydra
 15245 | Lair:2   | Killed a five-headed hydra
 15246 | Lair:2   | Reached XP level 12. HP: 32/60 MP: 18/18
 15341 | Lair:2   | Reached skill level 14 in Stealth
 15348 | Lair:2   | Found a snail-covered altar of Cheibriados.
 15404 | Lair:2   | Noticed a five-headed hydra
 15418 | Lair:2   | Killed a five-headed hydra
 15484 | Lair:2   | Reached skill level 10 in Short Blades
 16592 | Lair:3   | Reached ****** piety under Dithmenos
 16621 | Lair:3   | Noticed a four-headed hydra
 16682 | Lair:3   | Killed a four-headed hydra
 16683 | Lair:3   | Reached skill level 1 in Shields
 17007 | Lair:3   | Noticed a six-headed hydra
 17021 | Lair:3   | Reached skill level 15 in Stealth
 17082 | Lair:3   | Killed a six-headed hydra
 17404 | Lair:3   | Reached XP level 13. HP: 53/65 MP: 20/20
 17818 | Lair:4   | Found a staircase to the Snake Pit.
 18039 | Lair:4   | Found a transporter.
 18093 | Lair:4   | Found a staircase to the Swamp.
 18548 | Lair:4   | Found a transporter.
 19129 | Lair:5   | Noticed Snorg
 19156 | Lair:5   | Killed Snorg
 19157 | Lair:5   | Reached skill level 16 in Stealth
 19551 | D:4      | Bought a -2 quick blade for 60 gold pieces
 20660 | Lair:6   | Entered Level 6 of the Lair of Beasts
 20877 | Lair:6   | Found a staircase to the Slime Pits.
 21049 | Lair:6   | Reached skill level 10 in Invocations
 21125 | Lair:6   | Reached XP level 14. HP: 72/72 MP: 22/22
 21315 | Lair:6   | Noticed Urug
 21431 | Lair:6   | Killed Urug
 21491 | Lair:6   | Reached skill level 5 in Shields
 22214 | Lair:6   | Learned a level 1 spell: Apportation
 22221 | Lair:6   | Learned a level 6 spell: Iron Shot
 22448 | Orc:1    | Entered Level 1 of the Orcish Mines
 23128 | Orc:2    | Entered Level 2 of the Orcish Mines
 23334 | Orc:1    | Found a roughly hewn altar of Beogh.
 23483 | Orc:1    | Noticed an orc warlord
 23574 | Orc:1    | Killed an orc warlord
 23792 | Orc:2    | Noticed an orc warlord
 23921 | Orc:1    | Reached skill level 15 in Dodging
 23974 | Orc:1    | Reached skill level 1 in Evocations
 24074 | Orc:1    | Killed an orc warlord
 24202 | Orc:2    | Found a staircase to the Elven Halls.
 24309 | Orc:2    | Found a roughly hewn altar of Beogh.
 24771 | Orc:2    | Found Okeexoerr's General Store.
 24940 | Orc:2    | Found a roughly hewn altar of Beogh.
 24981 | Orc:2    | Reached skill level 17 in Stealth
 25051 | Orc:2    | Found Tuuffise's Antique Armour Shop.
 25067 | Orc:2    | Found Pucoinwai's Book Shop.
 25104 | Orc:2    | Found Gytyghai's Antique Weapon Shop.
 25202 | Orc:1    | Noticed Erolcha
 25204 | Orc:1    | Killed Erolcha
 26467 | D:13     | Found a gate leading to a gauntlet.
 26476 | Gauntlet | Entered a Gauntlet
 26476 | Gauntlet | Found a transporter.
 26476 | Gauntlet | Found a transporter.
 26477 | Gauntlet | Found a transporter.
 26477 | Gauntlet | Found a transporter.
 26480 | Gauntlet | Found a transporter.
 26496 | Gauntlet | Found a transporter.
 26498 | Gauntlet | Found a transporter.
 26503 | Gauntlet | Found a transporter.
 26507 | Gauntlet | Found a large runed translucent door.
 26508 | Gauntlet | Found a large runed translucent door.
 26509 | Gauntlet | Found a large runed translucent door.
 26509 | Gauntlet | Found a large runed translucent door.
 26510 | Gauntlet | Found a runed translucent gate.
 26511 | Gauntlet | Found a transporter.
 26511 | Gauntlet | Found a runed translucent gate.
 26512 | Gauntlet | Found a runed translucent gate.
 26513 | Gauntlet | Found a large runed translucent door.
 26513 | Gauntlet | Found a large runed translucent door.
 26514 | Gauntlet | Found a large runed translucent door.
 26515 | Gauntlet | Found a large runed translucent door.
 26524 | Gauntlet | Found a large runed translucent door.
 26524 | Gauntlet | Found a large runed translucent door.
 26524 | Gauntlet | Found a runed translucent door.
 26524 | Gauntlet | Found a runed translucent door.
 26525 | Gauntlet | Found a large runed translucent door.
 26526 | Gauntlet | Found a large runed translucent door.
 26528 | Gauntlet | Found a transporter.
 26536 | Gauntlet | Found a transporter.
 26554 | Gauntlet | Found a transporter.
 26645 | Gauntlet | Found a large runed translucent door.
 26646 | Gauntlet | Found a large runed translucent door.
 26647 | Gauntlet | Found a large runed translucent door.
 26647 | Gauntlet | Found a large runed translucent door.
 26694 | Gauntlet | Reached XP level 15. HP: 77/77 MP: 23/23
 26808 | Gauntlet | Got a faintly glowing cloak
 26870 | Gauntlet | Identified the cursed -4 cloak "Dianapoo" {Dex+4} (You
                  | found it in a Gauntlet)
 27054 | D:13     | Reached skill level 10 in Throwing
 27933 | D:14     | Noticed Josephine
 27938 | D:14     | Killed Josephine
 28107 | D:14     | Identified Roxanne's Almanac of the Manifold Bones
 28107 | D:14     | Noticed Roxanne
 28420 | D:13     | Reached skill level 5 in Evocations
 28420 | D:13     | HP: 3/77 [white ugly thing (33)]
 29855 | D:14     | Found a gate to the Vaults.
 30016 | D:14     | Noticed Rupert
 30116 | D:14     | Killed Rupert
 30351 | D:14     | Noticed a ghost moth
 30353 | D:14     | Killed Roxanne
 30366 | D:14     | Killed a ghost moth
 30518 | D:15     | Entered Level 15 of the Dungeon
 30552 | D:15     | Reached skill level 18 in Stealth
 30608 | D:15     | Found Nomat's General Store.
 31268 | D:15     | Bought a potion of heal wounds for 60 gold pieces
 31268 | D:15     | Bought a scroll of acquirement for 624 gold pieces
 31268 | D:15     | Bought a potion of heal wounds for 60 gold pieces
 31268 | D:15     | Bought a scroll of enchant armour for 90 gold pieces
 31268 | D:15     | Bought a potion of haste for 120 gold pieces
 31268 | D:15     | Acquired 874 gold pieces
 31734 | D:15     | Found a staircase to the Depths.
 31734 | D:15     | Noticed a fire giant
 31741 | D:15     | Killed a fire giant
 31830 | D:15     | Reached XP level 16. HP: 62/84 MP: 25/25
 32118 | Snake:1  | Entered Level 1 of the Snake Pit
 32681 | Snake:1  | Found Nuhidat's General Store.
 32687 | Snake:1  | Bought a potion of curing for 42 gold pieces
 32687 | Snake:1  | Bought the +1 robe of Sugaz {rElec Will+ Str+2} for 413
                  | gold pieces
 34701 | Snake:3  | Reached skill level 19 in Stealth
 36296 | Snake:4  | Entered Level 4 of the Snake Pit
 36527 | Swamp:1  | Entered Level 1 of the Swamp
 36569 | Swamp:1  | Got a pitted cloak
 36570 | Swamp:1  | Identified the +0 cloak of Miruf {rPois rCorr Int+7} (You
                  | found it on level 1 of the Swamp)
 36690 | Swamp:1  | Reached skill level 10 in Fighting
 36732 | Swamp:1  | Reached skill level 1 in Spellcasting
 36732 | Swamp:1  | Reached skill level 1 in Conjurations
 36751 | Swamp:1  | Reached skill level 1 in Earth Magic
 37312 | Swamp:1  | Noticed Frances
 37407 | Swamp:1  | Killed Frances
 37903 | Swamp:2  | Noticed Louise
 37927 | Swamp:2  | Killed Louise
 37944 | Swamp:2  | Noticed Nikola
 38011 | Swamp:2  | Killed Nikola
 38012 | Swamp:2  | Reached XP level 17. HP: 37/89 MP: 27/27
 38075 | Swamp:2  | HP: 4/89 [alligator (17)]
 40199 | Swamp:2  | Learned a level 5 spell: Bolt of Magma
 40271 | Swamp:3  | Learned a level 5 spell: Lee's Rapid Deconstruction
 40310 | Swamp:3  | Slain by a bunyip

Illustrated notes

Levels and vault maps discovered:
D:1:      tarquinn_simple_flora_water_b, layout_basic, serial_corexii_hall,
          chequers_hall_statues_y, corexii_hall_statues_x
D:2:      layout_rooms, nicolae_dithmenos_shadow_blocks, uniq_jessica,
          uniq_crazy_yiuf_cottage
D:3:      layout_basic, eat_drink_and_be_merry_uskayaw,
          amcnicky_mini_pool_small, lemuel_altar_in_water, uniq_natasha,
          uniq_robin
D:4:      layout_cave_pods, led_sif_book, gammafunk_temple_overflow_pools,
          minmay_shop_damaged, trog_book, uniq_edmund, uniq_ijyb, uniq_duvessa
D:5:      layout_basic, minmay_temple_entry_drinking_statues
D:6:      layout_cave_pools, serial_park, serial_park_fountain,
          serial_park_gazebo [serial_park_minivault_5x5_7],
          gammafunk_ghost_grave
D:7:      minmay_chambers_of_sixes, layout_cave_pools,
          gammafunk_temple_overflow_wave
D:8:      layout_basic, grunt_gozag_breadcrumbs
D:9:      layout_loops_ring, david_orc_1_choice, grunt_decor_mini_mirrors
D:10:     layout_gridville, nicolae_trove_entry_isolated, chequers_arboretum,
          uniq_grum
D:11:     layout_irregular_city, lair_entry_dummy, serial_shops,
          nicolae_shop_crystal, nicolae_shop_statue_plus,
          nicolae_shop_statue_plus, shop, shop_statue,
          portal_ice_cave_entry_animals_and_master, minmay_misc_feat_tiny
D:12:     layout_grid_maze, minmay_misc_feat_enclosed
D:13:     layout_stronghold, gauntlet_entry_generic
D:14:     layout_rooms, erik_vaults_2, uniq_rupert, uniq_josephine, uniq_roxanne
D:15:     grunt_enter_depths_giant_problem, layout_basic,
          hangedman_decor_clover_reticule, serial_shops, shop, minmay_circle_x
Lair:1:   layout_misc_corridors, serial_bayou_lagoon_b, uniq_erica
Lair:2:   nzn_winding_woodlands_small [nzn_winding_woodlands_5x15_eye,
          nzn_winding_woodlands_center_triple_pond,
          nzn_winding_woodlands_5x15_crooked], layout_cellular_growth,
          kennysheep_snail_temple, grunt_megastairs_1
Lair:3:   layout_hall_layers
Lair:4:   gammafunk_cloud_chamber, layout_cave_pods,
          nicolae_swamp_entry_splash_gauntlet,
          minmay_snake_entry_guardpost_small, lemuel_fruit_tree
Lair:5:   layout_roguey, beast_lair_carwin_11, lemuel_fruit_fields, uniq_snorg
Lair:6:   grunt_lair_end_beastmaster, layout_regular_city,
          minmay_slime_entry_pillars, uniq_urug
Swamp:1:  layout_basic_swamp, evilmike_swamp_ruin_rubble_2, swamp_pool3,
          nicolae_swamp_baby_hydras, uniq_frances
Swamp:2:  nicolae_swamp_phyte_club, layout_basic_swamp,
          evilmike_swamp_ruin_house_6, uniq_louise, uniq_nikola
Swamp:3:  layout_basic_swamp, evilmike_swamp_ruin_house_3, swamp_pool5,
          infiniplex_staircase_pool
Snake:1:  layout_chambers, serial_shops, shop, serial_bayou_shore_b,
          grunt_megastairs_2, serial_bayou_shore_a
Snake:2:  dpeg_oklob_gauntlet, layout_misc_corridors, drop_trap, st_stairs_11
Snake:3:  layout_grid_shapes, special_room
Snake:4:  grunt_snake_rune_spirals, layout_onion_interference, uniq_kirke
Orc:1:    layout_diamond_mine, basic_altar, abandoned_shop, uniq_erolcha
Orc:2:    grunt_orc_cross, layout_caves, kennysheep_orc_chapel

Skill      XL: |  1  2  3  4  5  6  7  8  9 10 11 12 13 14 15 16 17 |
---------------+----------------------------------------------------+-----
Stealth        | 6 7 8 9 10 11 12 13 15 16 17 18 19 | 19.2
Dodging        | 2 3 4 5 7 8 9 11 12 13 15 16 17 | 17.7
Short Blades   | 3 4 5 6 7 8 9 10 | 10.2
Throwing       | 3 4 5 7 8 9 10 | 10.9
Invocations    | 1 3 5 6 7 8 10 11 12 | 12.2
Fighting       | 2 3 5 6 7 8 9 10 | 10.5
Shields        | 2 4 7 |  7.2
Evocations     | 3 7 |  7.5
Spellcasting   | 3 4 |  4.7
Conjurations   | 3 4 |  4.2
Earth Magic    | 2 3 |  3.5

Action                   |  1- 3 |  4- 6 |  7- 9 | 10-12 | 13-15 | 16-18 || total
-------------------------+-------+-------+-------+-------+-------+-------++-------
Melee: Dagger            |   143 |   219 |   605 |  1139 |   399 |       ||  2505
       Quick blade       |       |       |       |       |  2833 |   721 ||  3554
       Short sword       |       |       |       |       |   176 |       ||   176
       Rapier            |       |       |       |       |       |   163 ||   163
Throw: Dart              |     9 |    16 |    25 |    18 |    26 |    29 ||   123
       Throwing net      |       |       |       |     1 |     1 |     1 ||     3
Invok: Shadow Step       |       |       |       |     2 |       |       ||     2
       Shadow Form       |       |       |       |       |     3 |     1 ||     4
 Abil: End Transformatio |       |       |       |       |     3 |     1 ||     4
Evoke: Wand              |       |       |    19 |    32 |    31 |     8 ||    90
       Box of beasts     |       |       |       |       |     2 |     1 ||     3
       Lightning rod     |       |       |       |       |     4 |     4 ||     8
       Phial of floods   |       |       |       |       |     1 |     1 ||     2
  Use: Scroll            |       |    12 |    10 |     7 |    15 |     8 ||    52
       Potion            |       |       |       |     2 |     8 |     6 ||    16
 Stab: Sleeping          |     9 |    14 |    19 |    75 |    88 |    68 ||   273
       Distracted        |       |       |     1 |     3 |    11 |    12 ||    27
       Invisible         |       |       |       |       |    56 |     3 ||    59
       Petrifying        |       |       |       |       |     2 |       ||     2
       Petrified         |       |       |       |       |     2 |       ||     2
       Held in net/web   |       |       |       |       |     1 |     2 ||     3
Armor: Robe              |    15 |    22 |    22 |     6 |       |     5 ||    70
       Troll leather arm |       |       |       |    29 |    47 |     2 ||    78
Dodge: Dodged            |    85 |   160 |   333 |   574 |   922 |   238 ||  2312
Block: Other             |       |       |    64 |   120 |       |       ||   184
       Reflection        |       |       |     9 |     2 |    48 |    16 ||    75
       Buckler           |       |       |       |    90 |   825 |   207 ||  1122

Table legend: (Time is in decaauts)
 A = Elapsed time spent in this place.
 B = Non-inter-level travel time spent in this place.
 C = Inter-level travel time spent in this place.
 D = Time resting spent in this place.
 E = Time spent auto-exploring this place.
 F = Levels seen in this place.
 G = Mean time per level.
                   A        B        C        D        E       F      G
               +--------+--------+--------+--------+--------+-----+--------+
         Total |  28216 |  26661 |   1555 |    100 |  19325 |  31 |  910.2 |
       Dungeon |  14801 |  13845 |    956 |      0 |  10042 |  15 |  986.7 |
          Lair |   5090 |   4702 |    388 |      0 |   3193 |   6 |  848.3 |
         Swamp |   3065 |   3026 |     39 |      0 |   2460 |   3 | 1021.7 |
     Snake Pit |   3189 |   3110 |     79 |      0 |   2590 |   4 |  797.2 |
  Orcish Mines |   1787 |   1696 |     91 |    100 |    877 |   2 |  893.5 |
      Gauntlet |    283 |    283 |      0 |      0 |    161 |   1 |  283.0 |
               +--------+--------+--------+--------+--------+-----+--------+

Top non-repeatable levels by time:
 Swamp:2: 1722 daAuts
 Snake:2: 1662 daAuts
     D:4: 1601 daAuts
    D:13: 1403 daAuts
     D:7: 1271 daAuts
 Swamp:1: 1259 daAuts
     D:3: 1147 daAuts
  Lair:2: 1126 daAuts
     D:2: 1090 daAuts
  Lair:4: 1085 daAuts
 Snake:1: 1078 daAuts
   Orc:1: 1066 daAuts
     D:9: 1001 daAuts
    D:14: 981 daAuts
     D:5: 963 daAuts
